3AA
VIRGINIA BEACH DEUCES @ LANCASTER FARMERS
06/26/2025
 
TOP OF THE 1ST
Virginia Beach Deuces batting - Pitching for Lancaster Farmers : RHP Rubén Madrid
Pitching: RHP Rubén Madrid
Batting: SHB Juan Perales 0-0: Ball
1-0: Ball
2-0: Ball
3-0: Base on Balls
Batting: RHB Armando García 0-0: SINGLE (Groundball, 4MD)
Juan Perales to second
Batting: SHB Luis Manuel Flores 0-0: Swinging Strike
0-1: DOUBLE (Groundball, 3L)
Juan Perales scores
Armando García to third
Batting: LHB Curt Wilson 0-0: Swinging Strike
0-1: Ball
1-1: Foul Ball, location: 2F
1-2: Ball
2-2: Foul Ball, location: 2F
2-2: Ball
3-2: Strikes out swinging
Batting: RHB Robert Emmet Odlum 0-0: Ground out 1-3 (Groundball, P)
Batting: RHB Victor Housel 0-0: Called Strike
0-1: Swinging Strike
0-2: Foul Ball, location: 2F
0-2: Ball
1-2: Foul Ball, location: 2F
1-2: Foul Ball, location: 2F
1-2: Ground out 6-3 (Groundball, 6)
Top of the 1st over - 1 run(s), 2 hit(s), 0 error(s), 2 left on base; Virginia Beach 1 - Lancaster 0
BOTTOM OF THE 1ST
Lancaster Farmers batting - Pitching for Virginia Beach Deuces : RHP Cisco Ortíz
Pitching: RHP Cisco Ortíz
Batting: RHB António Mendoza 0-0: Ball
1-0: Ball
2-0: Called Strike
2-1: Foul Ball, location: 2F
2-2: Strikes out swinging
Batting: RHB Showander Descarte 0-0: Ball
1-0: Called Strike
1-1: Ball
2-1: Ball
3-1: Reached via error on a dropped throw, E3
Batting: LHB Brad Tillman 0-0: Foul Ball, location: 2F
0-1: Swinging Strike
0-2: Foul Ball, location: 2F
0-2: Ball
1-2: Strikes out swinging
Batting: RHB Ricardo Pacheco 0-0: Ball
1-0: Foul Ball, location: 2F
1-1: Called Strike
1-2: Ball
2-2: Ball
3-2: Fly out, F9 (Flyball, 9)
Bottom of the 1st over - 0 run(s), 0 hit(s), 1 error(s), 1 left on base; Virginia Beach 1 - Lancaster 0
TOP OF THE 2ND
Virginia Beach Deuces batting - Pitching for Lancaster Farmers : RHP Rubén Madrid
Batting: RHB Jim Unknown 0-0: Ball
1-0: Called Strike
1-1: Ball
2-1: Fly out, F4 (Line Drive, 4M)
Batting: RHB James Hill 0-0: Ball
1-0: Foul Ball, location: 2F
1-1: Reached via error on a dropped throw, E1
Batting: LHB Félix González 0-0: Ball
1-0: Called Strike
1-1: Fly out, F8 (Flyball, 8RS)
Batting: SHB Juan Perales 0-0: Ball
1-0: SINGLE (Line Drive, 6MD)
James Hill to second
Runner from 2nd tries for 3rd, SAFE, throw made to third
Juan Perales to second
Batting: RHB Armando García 0-0: Ball
1-0: Ball
2-0: Called Strike
2-1: Ball
3-1: Swinging Strike
3-2: Fly out, F7 (Flyball, 7)
Top of the 2nd over - 0 run(s), 1 hit(s), 1 error(s), 2 left on base; Virginia Beach 1 - Lancaster 0
BOTTOM OF THE 2ND
Lancaster Farmers batting - Pitching for Virginia Beach Deuces : RHP Cisco Ortíz
Batting: LHB Ramón Gómez 0-0: DOUBLE (Flyball, 78M)
Batting: RHB António Jiménez 0-0: Ball
1-0: Foul Ball, location: 2F
1-1: Foul Ball, location: 2F
1-2: Foul Ball, location: 2F
1-2: Ball
2-2: Strikes out looking
Batting: SHB Orlando Miranda 0-0: Called Strike
0-1: Ball
1-1: Foul Ball, location: 2F
1-2: Ground out 4-3 (Groundball, 4)
Ramón Gómez to third
Batting: LHB Arturo Gonzáles 0-0: Called Strike
0-1: Foul Ball, location: 2F
0-2: Strikes out swinging
Bottom of the 2nd over - 0 run(s), 1 hit(s), 0 error(s), 1 left on base; Virginia Beach 1 - Lancaster 0
TOP OF THE 3RD
Virginia Beach Deuces batting - Pitching for Lancaster Farmers : RHP Rubén Madrid
Batting: SHB Luis Manuel Flores 0-0: Called Strike
0-1: Ground out 1-3 (Groundball, 13)
Batting: LHB Curt Wilson 0-0: Ball
1-0: Foul Ball, location: 2F
1-1: Ball
2-1: Fly out, F9 (Line Drive, 9S)
Batting: RHB Robert Emmet Odlum 0-0: Ball
1-0: Fly out, F9 (Flyball, 9S)
Top of the 3rd over - 0 run(s), 0 hit(s), 0 error(s), 0 left on base; Virginia Beach 1 - Lancaster 0
BOTTOM OF THE 3RD
Lancaster Farmers batting - Pitching for Virginia Beach Deuces : RHP Cisco Ortíz
Batting: RHB António Gonzáles 0-0: Foul Ball, location: 2F
0-1: Called Strike
0-2: Ball
1-2: Foul Ball, location: 2F
1-2: Strikes out swinging
Batting: RHB António Mendoza 0-0: Ball
1-0: Ball
2-0: Called Strike
2-1: SINGLE (Groundball, 4D)
Batting: RHB Showander Descarte 0-0: Ball
1-0: Foul Ball, location: 2F
1-1: Grounds into double play, 6-4-3 (Groundball, 6M)
Bottom of the 3rd over - 0 run(s), 1 hit(s), 0 error(s), 0 left on base; Virginia Beach 1 - Lancaster 0
TOP OF THE 4TH
Virginia Beach Deuces batting - Pitching for Lancaster Farmers : RHP Rubén Madrid
Batting: RHB Victor Housel 0-0: Foul Ball, location: 2F
0-1: Ball
1-1: Ball
2-1: Ground out 4-3 (Groundball, 4)
Batting: RHB Jim Unknown 0-0: Ground out 6-3 (Groundball, 56)
Batting: RHB James Hill 0-0: SINGLE (Line Drive, 4D)
Batting: LHB Félix González 0-0: Foul Ball, location: 2F
0-1: Foul Ball, location: 2F
0-2: Ball
1-2: Ground out 4-3 (Groundball, 34)
Top of the 4th over - 0 run(s), 1 hit(s), 0 error(s), 1 left on base; Virginia Beach 1 - Lancaster 0
BOTTOM OF THE 4TH
Lancaster Farmers batting - Pitching for Virginia Beach Deuces : RHP Cisco Ortíz
Batting: LHB Brad Tillman 0-0: Ball
1-0: Ball
2-0: Fly out, F6 (Popup, 6S)
Batting: RHB Ricardo Pacheco 0-0: Ball
1-0: SINGLE (Flyball, 8LS)
Batting: LHB Ramón Gómez 0-0: Foul Ball, location: 2F
0-1: Ball
Ricardo Pacheco is caught stealing 2nd base
1-1: Ball
2-1: Swinging Strike
2-2: Ball
3-2: Ground out 1-3 (Groundball, 13)
Bottom of the 4th over - 0 run(s), 1 hit(s), 0 error(s), 0 left on base; Virginia Beach 1 - Lancaster 0
TOP OF THE 5TH
Virginia Beach Deuces batting - Pitching for Lancaster Farmers : RHP Rubén Madrid
Batting: SHB Juan Perales 0-0: Called Strike
0-1: Reached on error, E6 (Popup, 4MS)
Batting: RHB Armando García 0-0: Ball
1-0: Ball
2-0: Ball
3-0: Hit by Pitch
Juan Perales to second
Batting: SHB Luis Manuel Flores 0-0: Foul Ball, location: 2F
0-1: Ball
1-1: Called Strike
1-2: SINGLE (Line Drive, 8RS)
Juan Perales to third
Armando García to second
Batting: LHB Curt Wilson 0-0: Ball
1-0: Swinging Strike
1-1: Ball
2-1: Swinging Strike
2-2: Strikes out swinging
Batting: RHB Robert Emmet Odlum 0-0: Ball
1-0: Ball
2-0: Called Strike
2-1: Fly out, F8 (Flyball, 8RM)
Runner from 3rd tags up, SCORES, no throw
Batting: RHB Victor Housel 0-0: Fly out, F8 (Line Drive, 8LD)
Top of the 5th over - 1 run(s), 1 hit(s), 1 error(s), 2 left on base; Virginia Beach 2 - Lancaster 0
BOTTOM OF THE 5TH
Lancaster Farmers batting - Pitching for Virginia Beach Deuces : RHP Cisco Ortíz
Batting: RHB António Jiménez 0-0: Called Strike
0-1: Ground out 4-3 (Groundball, 34)
Batting: SHB Orlando Miranda 0-0: Ball
1-0: Called Strike
1-1: Foul Ball, location: 2F
1-2: Ball
2-2: Foul Ball, location: 2F
2-2: Strikes out swinging
Batting: LHB Arturo Gonzáles 0-0: Foul Ball, location: 2F
0-1: Ball
1-1: Fly out, F7 (Flyball, 7LSF)
Bottom of the 5th over - 0 run(s), 0 hit(s), 0 error(s), 0 left on base; Virginia Beach 2 - Lancaster 0
TOP OF THE 6TH
Virginia Beach Deuces batting - Pitching for Lancaster Farmers : RHP Rubén Madrid
Batting: RHB Jim Unknown 0-0: Ball
1-0: Called Strike
1-1: SINGLE (Groundball, 6MD)
Batting: RHB James Hill 0-0: Bunted foul
0-1: Bunted foul
0-2: Ground out 5-3 (Groundball, 5S)
Jim Unknown to second
Batting: LHB Félix González 0-0: Ball
1-0: Called Strike
1-1: Swinging Strike
1-2: Ball
2-2: Fly out, F8 (Flyball, 8LM)
Batting: SHB Juan Perales 0-0: Foul Ball, location: 2F
0-1: Ball
1-1: Ball
2-1: Ball
3-1: Base on Balls
Batting: RHB Armando García 0-0: Ball
1-0: Foul Ball, location: 2F
1-1: Foul Ball, location: 2F
1-2: Ball
2-2: Ball
3-2: Base on Balls
Jim Unknown to third
Juan Perales to second
Batting: SHB Luis Manuel Flores 0-0: SINGLE (Groundball, 56D)
Jim Unknown scores
Juan Perales to third
Armando García to second
Throwing error, E7
Juan Perales scores
Armando García to third
Luis Manuel Flores to second
Batting: LHB Curt Wilson 0-0: Ball
1-0: Called Strike
1-1: Swinging Strike
1-2: Strikes out swinging
Top of the 6th over - 2 run(s), 2 hit(s), 1 error(s), 2 left on base; Virginia Beach 4 - Lancaster 0
BOTTOM OF THE 6TH
Lancaster Farmers batting - Pitching for Virginia Beach Deuces : RHP Cisco Ortíz
Batting: RHB António Gonzáles 0-0: Ball
1-0: Ball
2-0: Ground out 5-3 (Groundball, 56)
Batting: RHB António Mendoza 0-0: Ball
1-0: Ball
2-0: Ball
3-0: Called Strike
3-1: Base on Balls
Batting: RHB Showander Descarte 0-0: Called Strike
0-1: Foul Ball, location: 2F
0-2: Ground out 6-3 (Groundball, 6)
António Mendoza to second
Batting: LHB Brad Tillman 0-0: Ball
1-0: Ball
2-0: Called Strike
2-1: Ball
3-1: Ground out 5-3 (Groundball, 56S)
Bottom of the 6th over - 0 run(s), 0 hit(s), 0 error(s), 1 left on base; Virginia Beach 4 - Lancaster 0
TOP OF THE 7TH
Virginia Beach Deuces batting - Pitching for Lancaster Farmers : RHP Rubén Madrid
Batting: RHB Robert Emmet Odlum 0-0: Called Strike
0-1: Ball
1-1: SINGLE (Groundball, 6MD)
Pitching: LHP Shawn Singleton
Batting: RHB Victor Housel 0-0: Bunted foul
0-1: Bunted foul
0-2: SINGLE (Groundball, 6MD)
Robert Emmet Odlum to second
Batting: RHB Jim Unknown 0-0: SINGLE (Line Drive, 4D)
Robert Emmet Odlum to third
Victor Housel to second
Batting: RHB James Hill 0-0: Foul Ball, location: 2F
0-1: Foul Ball, location: 2F
0-2: Ball
1-2: Foul Ball, location: 2F
1-2: Foul Ball, location: 2F
1-2: Foul Ball, location: 2F
1-2: Ball
2-2: Strikes out looking
Batting: LHB Félix González 0-0: Called Strike
0-1: Ball
1-1: Called Strike
1-2: Foul Ball, location: 2F
1-2: Foul Ball, location: 2F
1-2: SINGLE (Line Drive, 6M)
Robert Emmet Odlum scores
Victor Housel to third
Jim Unknown to second
Batting: SHB Juan Perales 0-0: Swinging Strike
0-1: Foul Ball, location: 2F
0-2: Ball
1-2: Strikes out swinging
Batting: RHB Armando García 0-0: SINGLE (Line Drive, 8LS)
Victor Housel scores
Jim Unknown to third
Félix González to second
Runner from 3rd tries for Home, SAFE, no throw
Batting: SHB Luis Manuel Flores 0-0: Called Strike
0-1: Ball
1-1: Ball
2-1: Ball
3-1: Swinging Strike
3-2: Base on Balls
Félix González to third
Armando García to second
Batting: LHB Curt Wilson 0-0: Ground out 1-3 (Groundball, P)
Top of the 7th over - 3 run(s), 5 hit(s), 0 error(s), 3 left on base; Virginia Beach 7 - Lancaster 0
BOTTOM OF THE 7TH
Lancaster Farmers batting - Pitching for Virginia Beach Deuces : RHP Cisco Ortíz
Batting: RHB Ricardo Pacheco 0-0: Ball
1-0: Fly out, F7 (Flyball, 7S)
Batting: LHB Ramón Gómez 0-0: Ball
1-0: Ball
2-0: Fly out, F8 (Flyball, 8LM)
Batting: RHB António Jiménez 0-0: Swinging Strike
0-1: Ball
1-1: Foul Ball, location: 2F
1-2: Foul Ball, location: 2F
1-2: Foul Ball, location: 2F
1-2: Ball
2-2: Ball
3-2: Ground out 6-3 (Groundball, 6)
Bottom of the 7th over - 0 run(s), 0 hit(s), 0 error(s), 0 left on base; Virginia Beach 7 - Lancaster 0
TOP OF THE 8TH
Virginia Beach Deuces batting - Pitching for Lancaster Farmers : LHP Shawn Singleton
Batting: RHB Robert Emmet Odlum 0-0: Ball
1-0: Ground out 5-3 (Groundball, 56S)
Batting: RHB Victor Housel 0-0: Ground out 6-3 (Groundball, 6M)
Batting: RHB Jim Unknown 0-0: Ball
1-0: Ball
2-0: Called Strike
2-1: SINGLE (Groundball, 34D)
Batting: RHB James Hill 0-0: Ball
1-0: Foul Ball, location: 2F
1-1: Fly out, F8 (Flyball, 8RM)
Top of the 8th over - 0 run(s), 1 hit(s), 0 error(s), 1 left on base; Virginia Beach 7 - Lancaster 0
BOTTOM OF THE 8TH
Lancaster Farmers batting - Pitching for Virginia Beach Deuces : RHP Cisco Ortíz
Batting: SHB Orlando Miranda 0-0: Ball
1-0: Ground out 4-3 (Groundball, 4)
Batting: LHB Arturo Gonzáles 0-0: Fly out, F8 (Flyball, 78M)
Batting: RHB António Gonzáles 0-0: Swinging Strike
0-1: Foul Ball, location: 2F
0-2: Ground out 6-3 (Groundball, 6)
Bottom of the 8th over - 0 run(s), 0 hit(s), 0 error(s), 0 left on base; Virginia Beach 7 - Lancaster 0
TOP OF THE 9TH
Virginia Beach Deuces batting - Pitching for Lancaster Farmers : LHP Shawn Singleton
Batting: LHB Félix González 0-0: Called Strike
0-1: Ball
1-1: Ball
2-1: Ball
3-1: Base on Balls
Batting: SHB Juan Perales 0-0: Called Strike
0-1: Fly out, F4 (Line Drive, 4)
Batting: RHB Armando García 0-0: Ball
1-0: Foul Ball, location: 2F
1-1: Swinging Strike
1-2: Foul Ball, location: 2F
1-2: SINGLE (Line Drive, 3)
Félix González to second
Batting: SHB Luis Manuel Flores 0-0: Called Strike
0-1: Swinging Strike
0-2: Ball
1-2: Foul Ball, location: 2F
1-2: Ball
2-2: SINGLE (Line Drive, 78M)
Félix González to third
Armando García to second
Runner from 3rd tries for Home, throw and OUT!
Armando García to third
Luis Manuel Flores to second
Batting: LHB Curt Wilson 0-0: Ball
1-0: Swinging Strike
1-1: Ball
2-1: Foul Ball, location: 2F
2-2: Ground out 1-3 (Groundball, 13S)
Top of the 9th over - 0 run(s), 2 hit(s), 0 error(s), 2 left on base; Virginia Beach 7 - Lancaster 0
BOTTOM OF THE 9TH
Lancaster Farmers batting - Pitching for Virginia Beach Deuces : RHP Cisco Ortíz
Now in LF: John Cossey
Now in CF: Oscar Stephens
Batting: RHB António Mendoza 0-0: Foul Ball, location: 2F
0-1: Ball
1-1: Called Strike
1-2: Strikes out swinging
Pitching: LHP Jim Unknown
Batting: RHB Showander Descarte 0-0: Called Strike
0-1: Ball
1-1: SINGLE (Groundball, 34D)
Batting: LHB Brad Tillman 0-0: Fly out, F7 (Flyball, 7)
Batting: RHB Ricardo Pacheco 0-0: Ball
1-0: Swinging Strike
1-1: Foul Ball, location: 2F
1-2: Fielders Choice at 2nd, 6-4 (Groundball, 6)
Bottom of the 9th over - 0 run(s), 1 hit(s), 0 error(s), 0 left on base; Virginia Beach 7 - Lancaster 0
Friday, December 30th, 2016 - OOTP Baseball 17.12 Build 75